 Dungeon Crawl Stone Soup version 0.30.1-11-g7821555f0a (webtiles) character file.

Game seed: 3769280937808015488

16335 andronian the Fencer (level 12, -5/97 HPs)
             Began as a Merfolk Monk on Nov 27, 2023.
             Was a High Priest of the Shining One.
             Slain by a very large slime creature (35 damage)
             ... on level 12 of the Dungeon.
             The game lasted 00:28:15 (9819 turns).

andronian the Fencer (Merfolk Monk)                 Turns: 9819, Time: 00:28:16

Health: -5/97      AC: 13    Str: 11    XL:     12   Next: 36%
Magic:  26/26      EV: 16    Int:  9    God:    the Shining One [*****.]
Gold:   1989       SH:  0    Dex: 26    Spells: 11/11 levels left

rFire   + . .        a - +5 great sword "Leviticus" {spect, Will+++}
rCold   x . .        (shield currently unavailable)
rNeg    + + .        q - +2 acid dragon scales
rPois   .            o - +1 helmet
rElec   .            v - scarf {repulsion}
rCorr   +            L - +0 pair of gloves of Orthodoxy {Dex+4}
SInv    .            z - +0 pair of boots
Will    +++..        B - amulet of regeneration
Stlth   +            g - ring of magical power
HPRegen 1.16/turn    w - ring of fire
MPRegen 0.20/turn

%: repel missiles
@: glowing
A: (nimble swimmer 2), mertail
a: Renounce Religion, Divine Shield, Cleansing Flame, Summon Divine Warrior


You were on level 12 of the Dungeon.
You worshipped the Shining One.
The Shining One was extremely pleased with you.
You visited 2 branches of the dungeon, and saw 13 of its levels.

You collected 2270 gold pieces.
You spent 281 gold pieces at shops.

Inventory:

Hand Weapons
 a - the +5 great sword "Leviticus" (weapon) {spect, Will+++}
   (You bought it in a shop on level 8 of the Dungeon)

   Will:      It greatly increases your willpower.
 b - a +0 scimitar of flaming
 p - a +4 rapier of protection
Missiles
 e - 2 boomerangs (quivered)
 i - 5 javelins
Armour
 d - a +2 robe of fire resistance
 o - a +1 helmet (worn)
 q - +2 acid dragon scales (worn)
 v - a scarf of repulsion (worn)
 z - a +0 pair of boots (worn)
 L - the +0 pair of gloves of Orthodoxy (worn) {Dex+4}
   (You acquired it on level 11 of the Dungeon)

   Dex:       It affects your dexterity (+4).
Jewellery
 g - a ring of magical power (left hand)
 w - a ring of fire (right hand)
 y - an amulet of magic regeneration
 B - an amulet of regeneration (around neck)
Wands
 m - a wand of quicksilver (2)
 A - a wand of charming (7)
 C - a wand of roots (10)
 D - a wand of mindburst (19)
 H - a wand of flame (14)
Scrolls
 f - 2 scrolls of enchant armour
 l - a scroll of vulnerability {unknown}
 E - a scroll of enchant weapon
 K - a scroll of torment {unknown}
Potions
 c - a potion of ambrosia
 h - a potion of brilliance
 j - 4 potions of attraction
 n - 3 potions of lignification
 r - 2 potions of magic
 s - a potion of cancellation
 t - 4 potions of curing
 F - a potion of might


   Skills:
 - Level 9.9 Fighting
 * Level 16.4 Long Blades
 - Level 7.2 Throwing
 - Level 3.0 Armour
 - Level 5.8 Dodging
 - Level 6.8 Invocations
 - Level 3.4 Evocations


You had 11 spell levels left.
You didn't know any spells.
Your spell library contained the following spells:

 Spells                   Type           Power      Damage    Failure   Level
 Freeze                   Ice            0%         1d3       52%         1
 Shock                    Conj/Air       0%         1d3       52%         1
 Frozen Ramparts          Ice            0%         1d1       88%         3
 Hailstorm                Conj/Ice       0%         3d3       88%         3
 Portal Projectile        Hex/Tloc       0%         N/A       88%         3
 Swiftness                Air            0%         N/A       88%         3
 Tukima's Dance           Hex            0%         N/A       88%         3
 Volatile Blastmotes      Fire/Tloc      0%         2d10      88%         3
 Airstrike                Air            0%         2d(0-16)  99%         4
 Fulminant Prism          Conj/Hex       0%         3d5       99%         4
 Iskenderun's Mystic Bla  Conj/Tloc      0%         2d3       99%         4
 Blade Hands              Tmut           0%         N/A       100%        5
 Lee's Rapid Deconstruct  Erth           0%         3d4*      100%        5


Dungeon Overview and Level Annotations

Branches:
Dungeon (12/15)            Temple (1/1) D:4            Lair (0/5) D:10
    Orc (0/2) D:10

Altars:
Ashenzari
Cheibriados
Dithmenos
Elyvilon
Fedhas
Gozag
Hepliaklqana
Kikubaaqudgha
Makhleb
Nemelex Xobeh
Okawaru
Qazlal
Ru
Sif Muna
Trog
Uskayaw
Vehumet
Wu Jian
Xom
Yredelemnul
Zin
The Shining One

Shops:
D:8 (**

Annotations:
D:9 2 transporters
D:12 Nessos


Innate Abilities, Weirdness & Mutations

((You are very nimble when in or above water. (Stealth+, EV+, Speed+++)))
Your lower body shifts to a powerful aquatic tail in water.


Message History

You are poisoned.
You feel better.
Nessos casts a spell.
Nessos blinks!
Nessos shoots an arrow.
The arrow closely misses you.
Nessos gestures wildly while chanting.
Nessos blinks!
Things that are here:
a +0 dagger; a +0 robe; a kobold corpse
As you read the scroll of teleportation, it crumbles to dust.
You feel strangely unstable.
Nessos mumbles some strange words.
Nessos blinks!
Nessos shoots an arrow.
The arrow hits you! The arrow burns you.
You are poisoned.
You feel very sick.
Your surroundings suddenly seem different. 3 slime creatures come into view.
You feel very sick.
The slime creature quivers.
Two slime creatures merge to form a large slime creature.
You feel very sick.
The slime creature quivers.
You feel sick.
You hit the slime creature.
The slime creature is lightly wounded.
You feel sick.
Two slime creatures merge to form a very large slime creature.
The very large slime creature attacks as you move away!
The very large slime creature hits you!!
The Shining One protects you from harm!
You feel sick. What are your orders? t - Shout!
Orders for allies: a - Attack new target. r - Retreat! s - Stop attacking. g - Guard the area. f - Follow me.
Anything else - Cancel.
Okay, then.
You feel better.
The very large slime creature hits you!!
You die...

.# #######.##
####........#
+...........#
#........#
#........#
####.#####
#J# #@# #..#
##.# +#


You could see a very large slime creature.

Vanquished Creatures
  Erica (D:9)
  3 two-headed ogres
  Amaemon (D:8)
  Lodul (D:11)
  An orc knight (D:10)
  An elephant (D:10)
  3 slime creatures (D:12)
  Maurice (D:9)
  An orange demon (D:8)
  2 unseen horrors (D:11)
  Maggie (D:7)
  3 kobold demonologists
  A komodo dragon (D:8)
  A troll (D:10)
  A hornet (D:9)
  Prince Ribbit (D:5)
  2 shadows (D:11)
  A vampire (D:10)
  3 wyverns
  8 yaks
  A wraith (D:6)
  3 basilisks
  2 steam dragons
  7 vampire mosquitoes
  2 wargs (D:10)
  Edmund (D:4)
  Duvessa (D:6)
  An ice beast (D:7)
  2 orc warriors
  2 sky beasts
  3 black bears
  10 ogres
  4 centaurs
  2 phantoms (D:6)
  2 kobold brigands
  Blork the orc (D:4)
  A bullfrog (D:9)
  4 scorpions
  A gnoll sergeant (D:11)
  Dowan (D:6)
  6 killer bees (D:10)
  3 howler monkeys
  Crazy Yiuf (D:2)
  6 hounds
  3 jellies
  7 orc priests
  A gnoll bouda (D:7)
  Jessica (D:2)
  A sleepcap (D:6)
  3 iguanas
  12 orc wizards
  5 adders
  7 gnolls
  2 shadow imps
  2 white imps
  An ufetubus (D:5)
  4 worms
  2 dart slugs (D:1)
  30 orcs
  8 ball pythons
  4 bats
  3 endoplasms
  4 giant cockroaches
  3 goblins
  3 hobgoblins
  6 jackals
  7 quokkas
  5 frilled lizards
  16 kobolds
  6 rats
250 creatures vanquished.

Vanquished Creatures (others)
  An ogre (D:11)
  A spectral weapon (D:9)
2 creatures vanquished.

Grand Total: 252 creatures vanquished

Notes
Turn   | Place    | Note
-------+----------+-------------------------------------------
     0 | D:1      | andronian the Merfolk Monk began the quest for the Orb.
     0 | D:1      | Reached XP level 1. HP: 18/18 MP: 1/1
   128 | D:1      | Reached XP level 2. HP: 24/24 MP: 2/2
   219 | D:1      | Reached skill level 4 in Long Blades
   532 | D:1      | Reached XP level 3. HP: 30/30 MP: 3/3
   759 | D:2      | Found a faded altar of an unknown god.
  1159 | D:2      | Noticed Jessica
  1166 | D:2      | Killed Jessica
  1167 | D:2      | Reached XP level 4. HP: 35/37 MP: 4/4
  1170 | D:2      | Reached skill level 5 in Long Blades
  1439 | D:2      | Found a runed translucent door.
  1440 | D:2      | Noticed Crazy Yiuf
  1475 | D:2      | Reached skill level 5 in Dodging
  1772 | D:2      | Killed Crazy Yiuf
  1773 | D:2      | Reached XP level 5. HP: 31/42 MP: 5/5
  1893 | D:3      | Found a radiant altar of Vehumet.
  1904 | D:3      | Found a broken altar of Ashenzari.
  1911 | D:3      | Found a stormy altar of Qazlal.
  1929 | D:3      | Found a shadowy altar of Dithmenos.
  1931 | D:3      | Found a bloodstained altar of Trog.
  1933 | D:3      | Found a hide-covered altar of Uskayaw.
  1937 | D:3      | Found a shimmering blue altar of Sif Muna.
  2064 | D:3      | Found a sacrificial altar of Ru.
  2067 | D:3      | Found a glowing silver altar of Zin.
  2628 | D:4      | Found a snail-covered altar of Cheibriados.
  2668 | D:4      | Noticed Blork the orc
  2680 | D:4      | Killed Blork the orc
  2681 | D:4      | Reached skill level 6 in Long Blades
  2681 | D:4      | Reached XP level 6. HP: 42/49 MP: 6/6
  2842 | D:4      | Found a staircase to the Ecumenical Temple.
  2859 | Temple   | Entered the Ecumenical Temple
  3052 | Temple   | Became a worshipper of the Shining One
  3052 | Temple   | Reached * piety under the Shining One
  3052 | Temple   | Reached ** piety under the Shining One
  3092 | D:4      | Noticed Edmund
  3109 | D:4      | Killed Edmund
  3110 | D:4      | Reached skill level 5 in Fighting
  3110 | D:4      | Reached skill level 1 in Invocations
  3307 | D:5      | Entered Level 5 of the Dungeon
  3329 | D:5      | Noticed a black bear
  3342 | D:5      | Killed a black bear
  3343 | D:5      | Reached skill level 7 in Long Blades
  3343 | D:5      | Reached XP level 7. HP: 41/56 MP: 8/8
  3607 | D:5      | Reached skill level 8 in Long Blades
  3689 | D:5      | Found a basalt altar of Yredelemnul.
  4084 | D:5      | Noticed Prince Ribbit
  4090 | D:5      | Killed Prince Ribbit
  4091 | D:5      | Reached XP level 8. HP: 64/64 MP: 10/10
  4174 | D:5      | Reached skill level 1 in Throwing
  4313 | D:6      | Reached skill level 9 in Long Blades
  4404 | D:6      | Noticed Duvessa
  4408 | D:6      | Noticed Dowan
  4422 | D:6      | Killed Duvessa
  4426 | D:6      | Killed Dowan
  4627 | D:6      | Identified the +0 robe of Delicate Brilliance {Str+2 Int+4}
  4726 | D:6      | Reached XP level 9. HP: 70/71 MP: 11/11
  4729 | D:6      | Noticed a kobold demonologist
  4743 | D:6      | Reached skill level 10 in Long Blades
  4747 | D:6      | Killed a kobold demonologist
  4958 | D:6      | Reached skill level 5 in Throwing
  5198 | D:6      | You fall into a shaft and drop 2 floors!
  5240 | D:7      | Reached skill level 11 in Long Blades
  5246 | D:7      | Noticed a two-headed ogre
  5246 | D:7      | Noticed Maggie
  5295 | D:8      | Reached *** piety under the Shining One
  5440 | D:8      | Noticed Amaemon
  5440 | D:8      | Noticed an orange demon
  5454 | D:9      | Noticed Maurice
  5456 | D:9      | Noticed a hornet
  5458 | D:9      | Noticed a two-headed ogre
  5480 | D:9      | Noticed a centaur warrior
  5812 | D:7      | Killed a two-headed ogre
  5813 | D:7      | Reached XP level 10. HP: 35/80 MP: 12/12
  6447 | D:7      | Killed Maggie
  6448 | D:7      | Reached skill level 12 in Long Blades
  6837 | D:8      | Reached skill level 1 in Evocations
  7242 | D:8      | Found Weetokl Yqef's Magic Scroll Shoppe.
  7243 | D:8      | Found Rodeaz's Weapon Shoppe.
  7243 | D:8      | Found Gioxocust's General Store.
  7245 | D:8      | Found Fiafeul's Assorted Antiques.
  7251 | D:8      | Bought a scroll of identify for 28 gold pieces
  7254 | D:8      | Bought a bloodstained great sword for 253 gold pieces
  7254 | D:8      | Identified the +5 great sword "Leviticus" {spect, Will+++}
                  | (You bought it in a shop on level 8 of the Dungeon)
  7376 | D:8      | Killed an orange demon
  7383 | D:8      | Killed Amaemon
  7384 | D:8      | Reached skill level 5 in Invocations
  7597 | D:9      | Reached skill level 13 in Long Blades
  7614 | D:9      | Reached XP level 11. HP: 87/87 MP: 15/15
  7620 | D:9      | Killed Maurice
  7623 | D:9      | Reached skill level 1 in Armour
  7643 | D:9      | Noticed Erica
  7651 | D:9      | Killed Erica
  7827 | D:9      | Found a transporter.
  7827 | D:9      | Identified the ring of Qamog {Wiz rElec rC- Int+6}
  7827 | D:9      | Noticed a deep elf pyromancer
  7839 | D:9      | Noticed a cyclops
  7840 | D:9      | Noticed a boulder beetle
  7848 | D:9      | Noticed a boulder beetle
  7956 | D:9      | Identified the +0 robe "Bafusour" {*Corrode rC+ Regen+
                  | Dex+5}
  8036 | D:9      | Found a transporter.
  8055 | D:9      | Killed a two-headed ogre
  8128 | D:10     | Entered Level 10 of the Dungeon
  8130 | D:10     | Found an ornate altar of the Wu Jian Council.
  8293 | D:10     | Found a staircase to the Lair.
  8295 | D:10     | Reached **** piety under the Shining One
  8446 | D:10     | Found a staircase to the Orcish Mines.
  8474 | D:10     | Noticed an orc knight
  8491 | D:10     | Reached skill level 14 in Long Blades
  8503 | D:10     | Killed an orc knight
  8916 | D:11     | Noticed Lodul
  8934 | D:11     | Killed Lodul
  9044 | D:11     | Reached XP level 12. HP: 97/97 MP: 17/17
  9064 | D:11     | Identified a scroll of acquirement
  9116 | D:11     | Noticed a two-headed ogre
  9131 | D:11     | Killed a two-headed ogre
  9132 | D:11     | Reached skill level 15 in Long Blades
  9704 | D:11     | Acquired the +0 pair of gloves of Orthodoxy {Dex+4}
  9721 | D:11     | Acquired 1242 gold pieces
  9739 | D:12     | Reached skill level 16 in Long Blades
  9780 | D:12     | Reached ***** piety under the Shining One
  9792 | D:12     | Noticed Nessos
  9806 | D:12     | The Shining One protects you from harm!
  9818 | D:12     | The Shining One protects you from harm!
  9819 | D:12     | Slain by a very large slime creature

Illustrated notes

Levels and vault maps discovered:
D:1:      dpeg_arrival_shelter, layout_loops_cross
D:2:      layout_basic, shapermc_ecumenical_altar_venn, uniq_jessica,
          uniq_crazy_yiuf_cottage
D:3:      layout_loops_cross, nicolae_overflow_hallway_of_the_gods,
          mainiacjoe_overflow_catwalk_spiral
D:4:      layout_rooms, kennysheep_little_box, minmay_temple_entry_proselytizer,
          item_on_display_a, uniq_edmund, uniq_blork_the_orc
D:5:      layout_basic, yredelemnul_altar_generic, uniq_prince_ribbit1
D:6:      layout_cave_pools, minmay_divided_ellipse, uniq_duvessa
D:7:      layout_basic, uniq_maggie
D:8:      layout_basic, minmay_shop_grid_forest, uniq_amaemon
D:9:      gammafunk_sealed_arena, layout_cave_pools, grunt_ministairs_9,
          uniq_maurice, uniq_erica
D:10:     layout_long_grid, mainiacjoe_overflow_six_doors_small,
          david_lair_generic, orc_0_dummy
D:11:     layout_long_grid, uniq_lodul
D:12:     layout_roguey, gauntlet_entry_generic, minmay_strange_pillars,
          makhleb_altar_promises_db, uniq_nessos, uniq_azrael, uniq_rupert
Temple:   hellmonk_temple_flake

Skill      XL: |  1  2  3  4  5  6  7  8  9 10 11 12 |
---------------+-------------------------------------+-----
Long Blades    | 4 5 6 7 8 9 11 13 14 16 | 16.4
Fighting       | 4 5 6 8 9 |  9.9
Dodging        | 5 |  5.8
Invocations    | 1 3 5 6 |  6.8
Throwing       | 3 6 7 |  7.2
Evocations     | 2 3 |  3.4
Armour         | 3 |  3.0

Action                     |  1- 3 |  4- 6 |  7- 9 | 10-12 || total
---------------------------+-------+-------+-------+-------++-------
  Melee: Falchion          |    91 |    52 |       |       ||   143
         Rapier            |       |    64 |   215 |    95 ||   374
         Great sword       |       |       |       |   201 ||   201
  Throw: Boomerang         |       |     8 |    46 |    33 ||    87
         Dart              |       |       |       |    39 ||    39
 Invoke: Divine Shield     |       |     1 |     1 |     2 ||     4
  Evoke: Wand              |       |       |       |     1 ||     1
    Use: Scroll            |     3 |     3 |    12 |     9 ||    27
         Potion            |       |     2 |     3 |     5 ||    10
 Armour: Robe              |    13 |    19 |    77 |     7 ||   116
         Acid dragon scale |       |       |       |    71 ||    71
  Dodge: Dodged            |    68 |    83 |   177 |   183 ||   511
         Repelled          |       |       |     2 |     3 ||     5
  Block: Orb               |       |     1 |     3 |    11 ||    15
         Other             |       |       |       |     2 ||     2
